[Event "Team 45 45 League T31"]
[Site "Internet Chess Club"]
[Date "2006.07.06"]
[Round "2"]
[White "GolferBob"]
[Black "AVEMARIA"]
[Result "1-0"]
[WhiteElo "1793"]
[BlackElo "1686"]
[TimeControl "2700+45"]

1. d4 Nf6 2. Nf3 e6 3. Bf4 c5 4. e3 b6 5. Bd3 Bb7 6. c3 Be7 7. O-O cxd4 8. exd4
O-O 9. Nbd2 d6 10. Qc2 Nbd7 11. Rfe1 Rc8 12. h3 h6 13. a3 Re8 14. Bh2 a6 15. Ne4
Nxe4 16. Bxe4 Bxe4 17. Qxe4 Nf6 18. Qd3 b5 19. Re2 Qb6 20. Rd1 Red8 21. Qb1 d5
22. Ne5 Ne4 23. f3 Nd6 24. Kh1 Nf5 25. g4 Nh4 26. Bg3 Qb7 27. f4 a5 28. Rf1 b4
29. axb4 axb4 30. Qe1 bxc3 31. bxc3 Rxc3 32. Qxc3 Ng6 33. Nxg6 fxg6 34. Qe3
{Black resigns} 1-0  aics%

[Event "Team 45 45 League T31"]
[Site "Internet Chess Club"]
[Date "2006.07.02"]
[Round "2"]
[White "jazzyrick"]
[Black "allanchs"]
[Result "0-1"]
[WhiteElo "1643"]
[BlackElo "1611"]
[TimeControl "2700+45"]

1. e4 e5 2. Nf3 Nc6 3. d4 exd4 4. Nxd4 Bc5 5. Be3 Qf6 6. c3 Nge7 7. Be2 d6 8. a3
O-O 9. b4 Bb6 10. a4 a6 11. O-O Bd7 12. Qd2 Qe5 13. Qd3 Rfe8 14. f4 Qf6 15. Na3
Nxd4 16. cxd4 Nc6 17. Nc2 Rad8 18. f5 Ne7 19. Qd2 h6 20. Bg4 Nc6 21. Rf4 Re7 22.
Qd3 Rde8 23. Raf1 Nd8 24. Bh5 Bxa4 25. Rg4 Bb5 26. Qd2 Rxe4 27. Bxf7+ Nxf7 28.
Rg6 Qh4 29. Rf3 Nh8 30. Rgg3 Kf8 31. f6 g6 32. Bxh6+ Kf7 33. Bg5 Qh7 34. Rh3 Qg8
35. Na3 Bd7 36. Rhg3 Rxd4 37. Qxd4 Bxd4+ 38. Kf1 Bf5 {White resigns} 0-1  aics%

[Event "Team 45 45 League T31"]
[Site "Internet Chess Club"]
[Date "2006.07.03"]
[Round "2"]
[White "twintower"]
[Black "ChessZak"]
[Result "1-0"]
[WhiteElo "1529"]
[BlackElo "1468"]
[TimeControl "2700+45"]

1. e4 c5 2. Nf3 Nc6 3. d4 cxd4 4. Nxd4 g6 5. Nc3 Bg7 6. Be3 Nf6 7. f3 O-O 8. Qd2
d6 9. O-O-O Bd7 10. Bh6 Rb8 11. Bxg7 Kxg7 12. Nd5 Nxd5 13. exd5 Ne5 14. Re1 b5
15. f4 Nc4 16. Bxc4 bxc4 17. Qc3 Kg8 18. h4 Qb6 19. h5 a5 20. hxg6 fxg6 21. Rxe7
Rxf4 22. Ne6 Rf7 23. Rxf7 Kxf7 24. Rxh7+ Ke8 25. Qh8# {Black checkmated} 1-0 
aics%

[Event "Team 45 45 League T31"]
[Site "Internet Chess Club"]
[Date "2006.07.01"]
[Round "2"]
[White "sdcohle"]
[Black "heh"]
[Result "1/2-1/2"]
[WhiteElo "1360"]
[BlackElo "1497"]
[TimeControl "2700+45"]

1. d4 d5 2. c4 c6 3. e3 Nf6 4. Nf3 Bf5 5. b3 e6 6. Nbd2 Bb4 7. Be2 O-O 8. O-O
Bd6 9. Nh4 Bg6 10. Nxg6 hxg6 11. Bf3 b6 12. e4 dxe4 13. Nxe4 Bc7 14. Bg5 Nbd7
15. Qc2 Re8 16. Rad1 Qb8 17. g3 c5 18. Nxf6+ gxf6 19. Be3 e5 20. Bxa8 Qxa8 21.
dxc5 Nxc5 22. Bxc5 bxc5 23. Rd7 Bd8 24. Rfd1 Be7 25. R1d3 a5 26. Qd2 Kf8 27. Qe3
Kg7 28. Rc7 Bd8 29. Rxc5 Bb6 30. Rdd5 Qa7 31. a3 Rc8 32. b4 axb4 33. axb4 Qa4
34. Qc3 Bxc5 35. bxc5 Rb8 36. Rxe5 Rb1+ 37. Re1 Rxe1+ 38. Qxe1 Qxc4 39. Qe3 Qd5
40. Qe7 Qc6 41. Qd6 Qxd6 42. cxd6 Kf8 43. Kg2 Ke8 44. f4 Kd7 45. g4 Kxd6 46. h4
Ke6 47. Kf3 f5 48. Kg3 fxg4 49. Kxg4 Kf6 50. Kf3 Kf5 51. Kg3 f6 52. Kf3 Ke6 53.
Kg4 Kf7 54. h5 gxh5+ 55. Kxh5 Ke6 56. Kg4 Kf7 57. Kf5 Ke7 58. Ke4 {Game drawn by
mutual agreement} 1/2-1/2  aics%

[Event "Team 45 45 League T31"]
[Site "Internet Chess Club"]
[Date "2006.07.01"]
[Round "2"]
[White "ElmerHo"]
[Black "Migs-19"]
[Result "0-1"]
[WhiteElo "1555"]
[BlackElo "1563"]
[TimeControl "2700+45"]

1. e4 d5 2. exd5 Nf6 3. d4 Qxd5 4. Nc3 Qa5 5. Nf3 Bg4 6. h3 Bh5 7. g4 Bg6 8. Ne5
e6 9. Nxg6 hxg6 10. Bd2 Bb4 11. a3 Bd6 12. Bg2 Nc6 13. Ne4 Qb6 14. Nxd6+ cxd6
15. Bc3 d5 16. Qd3 Qc7 17. Qe3 Na5 18. Bxa5 Qxa5+ 19. Qd2 Qb6 20. Qb4 Qc6 21.
Qc5 Qxc5 22. dxc5 Rc8 23. b4 Ke7 24. Kd2 Nd7 25. Rae1 Rc6 26. Bxd5 Ra6 27. Re3
Nf6 28. Bxb7 Ra4 29. c4 Kd7 30. Kc2 Kc7 31. Kb3 Kxb7 32. Kxa4 Nh7 33. Rd1 Nf6
34. g5 Nh5 35. Rd7+ Kb8 36. Rxf7 Nf4 37. Kb5 Nxh3 38. Rxe6 Nxg5 39. Rxg6 Nxf7
40. Rxg7 Ne5 41. c6 Rc8 42. c7+ Kb7 43. c5 a6+ 44. Ka4 Rf8 45. b5 axb5+ 46. Kxb5
Rxf2 47. Ka4 Rc2 {White resigns} 0-1  aics%

[Event "Team 45 45 League T31"]
[Site "Internet Chess Club"]
[Date "2006.06.30"]
[Round "2"]
[White "jientho"]
[Black "Bowlomeat"]
[Result "1-0"]
[WhiteElo "1521"]
[BlackElo "1542"]
[TimeControl "2700+45"]

1. e4 e5 2. Nf3 Nc6 3. Bc4 Bc5 4. b4 Bxb4 5. c3 Ba5 6. d4 exd4 7. O-O Nge7 8.
Ng5 O-O 9. Qh5 h6 10. Nxf7 Rxf7 11. Bxf7+ Kf8 12. cxd4 d6 13. Bb3 Qe8 14. Qf3+
Bf5 15. Bb2 g6 16. Be6 Rd8 17. exf5 gxf5 18. Bxf5 Nxf5 19. Qxf5+ Kg8 20. Nc3 Rd7
21. Nd5 {Black resigns} 1-0  aics%

[Event "Team 45 45 League T31"]
[Site "Internet Chess Club"]
[Date "2006.07.01"]
[Round "2"]
[White "Kasparklunk"]
[Black "kevinfons"]
[Result "0-1"]
[WhiteElo "1473"]
[BlackElo "1440"]
[TimeControl "2700+45"]

1. e4 c5 2. Nf3 Nc6 3. d4 cxd4 4. Nxd4 e5 5. Nxc6 bxc6 6. Nc3 d6 7. Be2 Nf6 8.
O-O Be7 9. Bg5 O-O 10. Qd3 Bb7 11. Rad1 d5 12. exd5 Nxd5 13. Bxe7 Nxe7 14. Qxd8
Rfxd8 15. Ne4 Nd5 16. Bc4 Rac8 17. Nc5 Ba8 18. Rfe1 f6 19. Bb3 Kh8 20. Bxd5 cxd5
21. Ne6 Rd6 22. Nxg7 Kxg7 23. c3 Rcd8 24. Re3 d4 25. Rg3+ Kf7 26. c4 d3 27. Rh3
d2 28. Rxh7+ Ke6 29. Rxa7 Rc8 30. b3 Be4 31. Ra5 Bc2 32. c5 Rd4 33. Ra6+ Ke7 34.
Ra7+ Ke6 35. Ra6+ Kf5 {White resigns} 0-1  aics%

[Event "Team 45 45 League T31"]
[Site "Internet Chess Club"]
[Date "2006.06.30"]
[Round "2"]
[White "ChessAddict"]
[Black "Nelsi"]
[Result "1-0"]
[WhiteElo "2154"]
[BlackElo "2207"]
[TimeControl "2700+45"]

1. d4 Nf6 2. c4 e6 3. Nc3 Bb4 4. Qc2 c5 5. dxc5 Na6 6. a3 Bxc3+ 7. Qxc3 Nxc5 8.
b4 Nce4 9. Qc2 d5 10. f3 Ng4 11. Nh3 Qh4+ 12. g3 Nxg3 13. hxg3 Qxg3+ 14. Kd1 Qe5
15. Ra2 dxc4 16. Qxc4 Nf6 17. Bf4 Qh5 18. Nf2 Qf5 19. Nd3 O-O 20. e4 b5 21. Qc6
Nxe4 22. Qxe4 e5 23. Qxf5 Bxf5 24. Nxe5 Rfd8+ 25. Rd2 f6 26. Nc6 Rxd2+ 27. Kxd2
Kf7 28. Bxb5 g5 29. Be3 a6 30. Bc4+ Kg7 31. Nd4 Bg6 32. Ne6+ {Black resigns} 1-0
 aics%

[Event "Team 45 45 League T31"]
[Site "Internet Chess Club"]
[Date "2006.07.01"]
[Round "2"]
[White "azbycx"]
[Black "DeLaSalle"]
[Result "1/2-1/2"]
[WhiteElo "1944"]
[BlackElo "1994"]
[TimeControl "2700+45"]

1. d4 Nf6 2. c4 e6 3. Nc3 Bb4 4. Qb3 c5 5. a3 Bxc3+ 6. Qxc3 cxd4 7. Qxd4 Nc6 8.
Qh4 d5 9. c5 b6 10. cxb6 Qxb6 11. Nf3 O-O 12. e3 Ba6 13. g3 Ne4 14. Ng5 Nxg5 15.
Qxg5 Na5 16. b4 Nb3 17. Rb1 Nxc1 18. Rxc1 Rfc8 19. Ra1 Rc2 20. Qg4 Rac8 21. Qd1
Qc6 22. Bxa6 Qxa6 23. a4 R8c3 24. b5 Qa5 25. O-O Rc4 26. Qb1 g6 27. Qb3 R2c3 28.
Qb2 Rc2 29. Qb3 R2c3 30. Qb2 Rc2 31. Qb3 {Game drawn by repetition} 1/2-1/2 
aics%

[Event "Team 45 45 League T31"]
[Site "Internet Chess Club"]
[Date "2006.07.01"]
[Round "2"]
[White "mike0897"]
[Black "alexcolins"]
[Result "1-0"]
[WhiteElo "1895"]
[BlackElo "1798"]
[TimeControl "2700+45"]

1. c4 e5 2. Nc3 d6 3. g3 f5 4. Bg2 Nf6 5. Nf3 Be7 6. O-O O-O 7. d4 e4 8. Ne1 c6
9. f3 d5 10. fxe4 fxe4 11. cxd5 cxd5 12. Qb3 Kh8 13. Nc2 Nc6 14. a3 Na5 15. Qa2
Nc4 16. Nxe4 Nxe4 17. Rxf8+ Qxf8 18. Bxe4 Bh3 19. Bf3 Qf5 20. Ne3 Qf6 21. Nxc4
Qxd4+ 22. Ne3 Bg5 23. Qb3 Re8 24. Kf2 Rf8 25. Qxb7 Bg4 26. Qb4 Bf6 27. Qxf8#
{Black checkmated} 1-0  aics%

[Event "Team 45 45 League T31"]
[Site "Internet Chess Club"]
[Date "2006.07.09"]
[Round "2"]
[White "deathmage"]
[Black "BorgCollective"]
[Result "0-1"]
[WhiteElo "1716"]
[BlackElo "1886"]
[TimeControl "2700+45"]

1. e4 d5 2. exd5 Nf6 3. d4 Nxd5 4. Nf3 Bg4 5. c4 Nb6 6. Be2 e6 7. Nc3 Bb4 8. h3
Bxf3 9. gxf3 Nc6 10. O-O Nxd4 11. Be3 Nxe2+ 12. Qxe2 Qh4 13. Ne4 Qxh3 14. c5 Nd5
15. Qb5+ Kf8 16. a3 Qxf3 17. Ng5 Qg4+ 18. Kh2 Nxe3 19. Nxe6+ Qxe6 20. fxe3 Bd2
21. Qxb7 Qe5+ 22. Kh1 Qh5+ 23. Kg2 Qg4+ 24. Kh2 Re8 25. Qxc7 Qh5+ 26. Kg2 Qg6+
27. Kh1 Bxe3 28. Rf3 Qh5+ 29. Kg2 g5 30. Raf1 Bf4 31. Rxf4 gxf4 32. Rxf4 Rg8+
{White resigns} 0-1  aics%

[Event "Team 45 45 League T31"]
[Site "Internet Chess Club"]
[Date "2006.07.02"]
[Round "2"]
[White "sogtulakk"]
[Black "jayes"]
[Result "1-0"]
[WhiteElo "2074"]
[BlackElo "2051"]
[TimeControl "2700+45"]

1. d4 Nf6 2. c4 g6 3. Nc3 c5 4. Nf3 Bg7 5. e4 cxd4 6. Nxd4 d6 7. Be2 Bd7 8. O-O
Nc6 9. Be3 O-O 10. f4 Ng4 11. Bxg4 Bxg4 12. Nxc6 Bxd1 13. Nxd8 Bxc3 14. bxc3 Be2
15. Rfe1 Bxc4 16. Nxb7 a5 17. e5 dxe5 18. fxe5 Rfb8 19. Nc5 Rb2 20. Na4 Rb5 21.
Nb6 Rxb6 22. Bxb6 Ra6 23. Bd4 {Black resigns} 1-0  aics%

[Event "Team 45 45 League T31"]
[Site "Internet Chess Club"]
[Date "2006.06.30"]
[Round "2"]
[White "martineden"]
[Black "spacecadet"]
[Result "1-0"]
[WhiteElo "1938"]
[BlackElo "1895"]
[TimeControl "2700+45"]

1. d4 Nf6 2. c4 c5 3. d5 b5 4. cxb5 a6 5. bxa6 Bxa6 6. Nc3 d6 7. g3 g6 8. Bg2
Bg7 9. Nf3 O-O 10. O-O Nbd7 11. Qc2 Ng4 12. Rd1 Qb6 13. h3 Nge5 14. b3 Rfb8 15.
Ng5 h6 16. Nge4 f5 17. Nd2 c4 18. Bb2 Nc5 19. Rdb1 cxb3 20. axb3 Nxb3 21. Rxa6
Rxa6 22. Bc1 Qc7 23. Rxb3 Rxb3 24. Nxb3 Nd7 25. Bd2 Nb6 26. Qd3 Nc4 27. Nb5 Qc8
28. Bf4 Nb2 29. Qd2 Qc4 30. N5d4 Bxd4 31. Nxd4 Ra2 32. Bxh6 Qa4 33. Nxf5 gxf5
34. Qg5+ Kf7 35. Qxf5+ Ke8 36. Qc8+ Kf7 37. Qf8+ Kg6 38. Qg7+ Kf5 39. g4+ {Black
resigns} 1-0  aics%  ebattousai(340): wow aics%

[Event "Team 45 45 League T31"]
[Site "Internet Chess Club"]
[Date "2006.06.29"]
[Round "2"]
[White "Stroggs"]
[Black "Boromir"]
[Result "1-0"]
[WhiteElo "1881"]
[BlackElo "1888"]
[TimeControl "2700+45"]

1. d4 Nf6 2. Nf3 e6 3. Nbd2 d5 4. e3 b6 5. Ne5 Bb7 6. Bd3 Be7 7. O-O O-O 8. f4
c5 9. b3 Qc7 10. Bb2 Nc6 11. a3 cxd4 12. exd4 Rac8 13. Rc1 Bd6 14. Qf3 Qe7 15.
Qh3 h6 16. g4 Ne4 17. Nxe4 dxe4 18. Bxe4 Nxe5 19. Bxb7 Qxb7 20. fxe5 Be7 21. c4
Bg5 22. Rcd1 Qe4 23. Qf3 Qg6 24. Qd3 f5 25. gxf5 Rxf5 26. Rxf5 exf5 27. Kh1 Qh5
28. Rf1 Rf8 29. d5 f4 30. Qf3 Qg6 31. e6 Be7 32. Qg2 Qxg2+ 33. Kxg2 Bd6 34. b4
Rc8 35. Rc1 g5 36. h3 h5 37. Kf3 a5 38. bxa5 bxa5 39. a4 Kf8 40. Bd4 Ke7 41. c5
Bb8 42. Rb1 {Black resigns} 1-0  aics%

[Event "Team 45 45 League T31"]
[Site "Internet Chess Club"]
[Date "2006.07.02"]
[Round "2"]
[White "chickenhead"]
[Black "A-Ru"]
[Result "0-1"]
[WhiteElo "1873"]
[BlackElo "1961"]
[TimeControl "2700+45"]

1. d4 e6 2. c4 d5 3. Nc3 c6 4. Nf3 dxc4 5. e4 b5 6. a4 Bb4 7. Be2 Bb7 8. O-O a6
9. Qc2 Nf6 10. Rd1 Qc7 11. g3 O-O 12. Bf4 Qb6 13. Ng5 h6 14. Nf3 Nbd7 15. Be3
Ng4 16. Bf4 e5 17. Nxe5 Ngxe5 18. dxe5 Nc5 19. Be3 Qc7 20. f4 Nb3 21. Rab1 Bc5
22. Bxc5 Nxc5 23. Bg4 Nd3 24. Rxd3 cxd3 25. Qxd3 Qb6+ 26. Kf1 b4 27. Nd1 a5 28.
Kg2 Rad8 29. Qc2 Qd4 30. e6 Qd2+ 31. Qxd2 Rxd2+ 32. Kg1 Rfd8 33. exf7+ Kxf7 34.
Ne3 R8d4 35. e5 g6 36. b3 Ba6 37. Rc1 R4d3 38. Nf1 Rc3 39. Nxd2 Rxc1+ 40. Kf2
Rc3 41. Bf3 Ke7 42. Be4 Bd3 43. Bf3 Bc2 44. Nc4 Bxb3 45. Nxa5 Bxa4 46. Be4 Bc2
47. Nxc6+ Ke8 48. Bd5 b3 49. Nd4 b2 {White resigns} 0-1  aics%

[Event "Team 45 45 League T31"]
[Site "Internet Chess Club"]
[Date "2006.07.01"]
[Round "2"]
[White "Qualm"]
[Black "Nosferatu1"]
[Result "1/2-1/2"]
[WhiteElo "1807"]
[BlackElo "1877"]
[TimeControl "2700+45"]

1. e4 c5 2. Nf3 Nc6 3. d4 cxd4 4. Nxd4 g6 5. c4 Nf6 6. Nc3 d6 7. Be2 Nxd4 8.
Qxd4 Bg7 9. O-O O-O 10. h3 b6 11. f4 Bb7 12. Qd3 a6 13. Bf3 Qc7 14. Bd2 Rac8 15.
Rae1 e6 16. b3 Rfd8 17. Qe3 Nd7 18. Ne2 Qc5 19. Kh1 b5 20. cxb5 axb5 21. Rc1 Qa3
22. Nd4 Qa6 23. Be2 Qxa2 24. Bc3 Qa8 25. Nxb5 Bxe4 {Game drawn by mutual
agreement} 1/2-1/2  aics%

[Event "Team 45 45 League T31"]
[Site "Internet Chess Club"]
[Date "2006.07.02"]
[Round "2"]
[White "burnsja2003"]
[Black "DaveTheRook"]
[Result "1/2-1/2"]
[WhiteElo "1780"]
[BlackElo "1701"]
[TimeControl "2700+45"]

1. d4 Nf6 2. c4 e6 3. Bg5 Be7 4. Nf3 b6 5. e3 Bb7 6. Be2 O-O 7. O-O h6 8. Bxf6
Bxf6 9. Nc3 d5 10. Rc1 Ba6 11. cxd5 exd5 12. Bxa6 Nxa6 13. Qa4 Nb8 14. b4 a5 15.
bxa5 Rxa5 16. Qb3 Qd7 17. Rfd1 Na6 18. e4 dxe4 19. Nxe4 Be7 20. Ne5 Qd5 21. Qxd5
Rxd5 22. Nc6 Re8 23. f3 Bf8 24. Kf1 f5 25. Nc3 Rd7 26. Re1 Rxe1+ 27. Rxe1 Nb4
28. Nxb4 Bxb4 29. Rc1 Bxc3 30. Rxc3 Kf7 31. Ke2 Ke6 32. f4 Kd5 33. Kd3 Re7 34.
g3 g5 35. a4 gxf4 36. gxf4 Re4 37. Rxc7 Rxd4+ 38. Ke3 Rxa4 39. Rh7 Ra3+ 40. Kf2
Ke4 41. Rxh6 Kxf4 42. Rxb6 Ra2+ 43. Kg1 Kg4 44. Rg6+ Kf3 45. h4 f4 46. h5 Ra1+
47. Kh2 Ra2+ 48. Kh3 Ra1 49. Kh4 Kf2 50. h6 Rh1+ 51. Kg5 f3 52. Kf6 Ke1 53. Kg7
f2 54. Re6+ Kd2 55. Rd6+ Ke3 56. Rf6 f1=Q 57. Rxf1 Rxf1 58. h7 Rh1 59. h8=Q Rxh8
60. Kxh8 {Game drawn because neither player has mating material} 1/2-1/2  aics% 
VictorRed(71): :) aics%

[Event "Team 45 45 League T31"]
[Site "Internet Chess Club"]
[Date "2006.07.02"]
[Round "2"]
[White "nursey"]
[Black "jazzyrick"]
[Result "0-1"]
[WhiteElo "1655"]
[BlackElo "1662"]
[TimeControl "2700+45"]

1. e4 c5 2. Nf3 d6 3. d4 cxd4 4. Nxd4 Nf6 5. Nc3 a6 6. Bg5 e6 7. Bc4 b5 8. Bb3
Bb7 9. O-O Be7 10. a4 b4 11. Na2 a5 12. f3 O-O 13. Bc4 Qb6 14. Kh1 Rc8 15. Qd3
Nbd7 16. Nxe6 Ne5 17. Be3 Nxd3 18. Bxb6 Rxc4 19. cxd3 Rc6 20. Nc7 Rxb6 21. Nxa8
Bxa8 22. Rac1 Bb7 23. Rc7 Bd8 24. Rc4 Ba6 25. Rd4 Ne8 26. Rc1 Bf6 27. Rd5 Bxb2
28. Rb1 b3 29. Rxb2 bxa2 {White resigns} 0-1  aics%

[Event "Team 45 45 League T31"]
[Site "Internet Chess Club"]
[Date "2006.06.29"]
[Round "2"]
[White "Amauta"]
[Black "GamblingFischer"]
[Result "1/2-1/2"]
[WhiteElo "1918"]
[BlackElo "1920"]
[TimeControl "2700+45"]

1. e4 c5 2. Nf3 d6 3. d4 cxd4 4. Nxd4 Nf6 5. Nc3 a6 6. a4 Nc6 7. Nb3 b6 8. Be2
e6 9. O-O Be7 10. f4 Qc7 11. Be3 Bb7 12. Bf3 Rc8 13. Qd2 O-O 14. Rac1 Rfd8 15.
Qf2 Nd7 16. f5 exf5 17. Nd5 Qb8 18. Nxb6 Nxb6 19. Bxb6 Re8 20. exf5 Bf6 21. c3
Ne5 22. Bxb7 Qxb7 23. Na5 Qd7 24. Qc2 Nc4 25. Nxc4 Rxc4 26. a5 Rce4 27. Qd3 Re2
28. Rc2 Re1 29. Rxe1 Rxe1+ 30. Kf2 Re5 31. Re2 Rxf5+ 32. Kg1 g6 33. Qxa6 Qa4 34.
Re1 Be5 35. Qa8+ Kg7 36. Qe4 Qb5 37. Qe2 Qa4 38. g3 Qc6 39. Qe4 Qb5 40. Qe2 Qc6
41. Bd4 Qd5 42. Bf2 Qxa5 43. g4 Rf6 44. Bh4 Re6 45. Qf2 h6 46. Rf1 f6 47. h3
{Game drawn by mutual agreement} 1/2-1/2  aics%

[Event "Team 45 45 League T31"]
[Site "Internet Chess Club"]
[Date "2006.07.03"]
[Round "2"]
[White "BillyNoMates"]
[Black "Simonside"]
[Result "0-1"]
[WhiteElo "1920"]
[BlackElo "1943"]
[TimeControl "2700+45"]

1. e4 e5 2. Nf3 Nc6 3. Bb5 Nge7 4. O-O g6 5. d3 Bg7 6. Bg5 f6 7. Be3 O-O 8. a3
d5 9. exd5 Nxd5 10. Bc4 Kh8 11. Bd2 Nf4 12. Bxf4 exf4 13. Re1 Bg4 14. h3 Bxf3
15. Qxf3 Nd4 16. Qd1 f3 17. gxf3 b5 18. Ba2 Re8 19. Rxe8+ Qxe8 20. c3 Ne2+ 21.
Kh2 Qe5+ 22. Kh1 Re8 23. Nd2 Qf4 24. Bd5 Qf5 25. Qf1 Qxd5 26. Re1 Qxd3 27. Rd1
Bh6 {White resigns} 0-1  aics%

[Event "Team 45 45 League T31"]
[Site "Internet Chess Club"]
[Date "2006.07.02"]
[Round "2"]
[White "room-matt"]
[Black "Beancounter"]
[Result "1-0"]
[WhiteElo "1884"]
[BlackElo "1666"]
[TimeControl "2700+45"]

1. e4 c5 2. Nf3 d6 3. d4 cxd4 4. Nxd4 Nf6 5. Nc3 g6 6. Bc4 Bg7 7. h3 O-O 8. O-O
Nc6 9. Be3 a6 10. Bb3 Bd7 11. Re1 Rc8 12. Qd2 Ne5 13. Bh6 Bxh6 14. Qxh6 Nc4 15.
Nd1 Qa5 16. Re2 Nd2 17. Rxd2 Nxe4 18. Re2 Nc5 19. Rxe7 Nxb3 20. Nxb3 Qf5 21. Nd4
Qf6 22. Rxd7 Qxd4 23. c3 Qd5 24. Ne3 Qb5 25. Rxd6 Qxb2 26. Rad1 Qxc3 27. Ng4 f5
28. Rd7 Qh8 29. Nf6+ Rxf6 30. Rd8+ Rf8 31. Qxf8# {Black checkmated} 1-0  aics%

[Event "Team 45 45 League T31"]
[Site "Internet Chess Club"]
[Date "2006.07.01"]
[Round "2"]
[White "Jozin"]
[Black "jientho"]
[Result "0-1"]
[WhiteElo "1619"]
[BlackElo "1542"]
[TimeControl "2700+45"]

1. Nf3 d5 2. d4 Nf6 3. Bf4 Bg4 4. e3 e6 5. Nbd2 c5 6. c3 a6 7. Bd3 Nc6 8. h3 Bf5
9. Bxf5 exf5 10. Ne5 Ne4 11. dxc5 Nxc5 12. Qc2 Nxe5 13. Bxe5 Qg5 14. O-O-O Qxg2
15. Qxf5 Qg6 16. Qxg6 hxg6 17. Kc2 f6 18. Bd4 Ne6 19. Bb6 Rc8 20. Nf3 Rc6 21.
Bd4 Rh5 22. Nd2 b5 23. a3 Rf5 24. f3 Nxd4+ 25. exd4 a5 26. Rhf1 b4 27. Kd3 bxa3
28. bxa3 Bxa3 29. Ra1 Bb2 30. Rxa5 Rxc3+ 31. Ke2 Bc1 32. Rc5 Rxc5 33. dxc5 Bxd2
34. Kxd2 d4 35. c6 Kd8 36. Ke2 Rc5 37. Kd3 Kc7 38. Kxd4 Kxc6 39. Re1 Rf5 40. Re3
Rf4+ 41. Kd3 Rh4 42. Re7 Rxh3 43. Ke2 Rh7 44. Ke3 Kd6 45. Re4 Rh5 46. Rg4 g5 47.
f4 Rh4 48. Kf3 Rxg4 49. Kxg4 gxf4 50. Kxf4 Ke6 {White resigns} 0-1  aics%

[Event "Team 45 45 League T31"]
[Site "Internet Chess Club"]
[Date "2006.07.01"]
[Round "2"]
[White "JustinSane"]
[Black "fledermaus"]
[Result "1-0"]
[WhiteElo "2203"]
[BlackElo "2068"]
[TimeControl "2700+45"]

1. d4 d5 2. Bf4 Nf6 3. e3 e6 4. Nf3 c5 5. c3 Nc6 6. Ne5 Bd6 7. Nd2 Bxe5 8. dxe5
Nd7 9. Qg4 Kf8 10. Qg3 h6 11. h4 f5 12. h5 Kg8 13. Nf3 Nf8 14. Bd3 Bd7 15. Nh4
Be8 16. Bxf5 exf5 17. Nxf5 Ne6 18. Bxh6 Rxh6 19. Nxh6+ Kh7 20. Ng4 d4 21. h6 g6
22. Nf6+ Kh8 23. exd4 cxd4 24. O-O Ne7 25. Qh3 Bf7 26. Rad1 Nd5 27. Qf3 Ng5 28.
Qg4 Ne6 29. Nxd5 Qxd5 30. cxd4 Rd8 31. Rd3 Kh7 32. Rfd1 Rd7 33. f3 Nd8 34. b3
Be6 35. Qf4 Bf5 36. Rc3 Ne6 37. Qe3 g5 38. g3 Kxh6 39. Kf2 Rh7 40. Rh1+ Kg6 41.
Rxh7 Kxh7 42. Rc1 Kg7 43. Qc3 a6 44. Qc4 Qxc4 45. Rxc4 b5 46. Rc6 Nxd4 47. Rxa6
Bb1 48. a4 b4 49. Rb6 Nxb3 50. Rxb4 Bc2 51. f4 gxf4 52. gxf4 Na5 53. Kg3 Kf7 54.
Kg4 Nc6 55. Rc4 Bd1+ 56. Kg5 Bf3 57. Rc5 Nd4 58. f5 Ke7 59. Rc7+ Kd8 60. Rc3 Bc6
61. Rd3 {Black resigns} 1-0  aics%

[Event "Team 45 45 League T31"]
[Site "Internet Chess Club"]
[Date "2006.07.02"]
[Round "2"]
[White "EdBorowski"]
[Black "fileman"]
[Result "1-0"]
[WhiteElo "2026"]
[BlackElo "1944"]
[TimeControl "2700+45"]

1. d4 Nc6 2. Nf3 Nf6 3. Bf4 d6 4. e3 Bg4 5. Be2 e6 6. c3 Be7 7. h3 Bh5 8. Nbd2
O-O 9. Qb3 Qd7 10. g4 Bg6 11. Nh4 a6 12. Nxg6 fxg6 13. h4 Nd5 14. Bg3 Nf6 15. g5
Nh5 16. Bg4 d5 17. e4 Na5 18. Qxd5 exd5 19. Bxd7 Nxg3 20. fxg3 dxe4 21. Nxe4
Rad8 22. Be6+ Kh8 23. O-O-O Rde8 24. Rhf1 h6 25. Bf7 Rd8 26. gxh6 gxh6 27. Bxg6
Kg7 28. h5 Nc4 29. Rde1 Nd6 30. Nc5 Bg5+ 31. Kc2 Rxf1 32. Rxf1 Rc8 33. Ne6+ Kg8
34. Kd3 Be7 35. c4 c5 36. d5 b6 37. b3 a5 38. a4 Ra8 39. Re1 Ra7 40. g4 Rb7 41.
Rg1 Bf6 42. g5 hxg5 43. Nxg5 Kg7 44. Ne4 Nxe4 45. Bxe4+ Kf7 46. h6 Re7 47. Bg6+
Kg8 48. d6 Rd7 49. Bf5+ {Black resigns} 1-0  aics%

[Event "Team 45 45 League T31"]
[Site "Internet Chess Club"]
[Date "2006.07.03"]
[Round "2"]
[White "ROWLAND"]
[Black "Flying-Tiger"]
[Result "1-0"]
[WhiteElo "1901"]
[BlackElo "1836"]
[TimeControl "2700+45"]

1. e4 c5 2. Nf3 g6 3. d4 cxd4 4. Nxd4 Nc6 5. Be3 Nf6 6. Nc3 Bg7 7. f3 O-O 8. Qd2
d5 9. Nxc6 bxc6 10. e5 Nd7 11. f4 e6 12. Na4 Nxe5 13. Bc5 Re8 14. Bd4 Nd7 15.
Bxg7 Kxg7 16. Qc3+ Kg8 17. Qxc6 Rb8 18. Bb5 a6 19. Bd3 Qa5+ 20. c3 Nf6 21. b4
Rxb4 22. cxb4 Qxb4+ 23. Qc3 Qxf4 24. Rf1 Qe3+ 25. Be2 Ng4 26. Rf3 Qg1+ 27. Rf1
Qxh2 28. Bxg4 Qh4+ 29. Rf2 Qxg4 30. Nc5 Qh4 31. g3 Qg4 32. Rf4 Qh5 33. Rh4 Qf5
34. O-O-O e5 35. Rxd5 Be6 36. Nxe6 Qxe6 37. Rc5 e4 38. Rc6 Qf5 39. Rf4 Qh3 40.
Qf6 Rf8 41. Rc7 Qxg3 42. Rc3 Qe1+ 43. Kb2 e3 44. Qe5 e2 45. Re4 Qd2+ 46. Ka3 f6
47. Rxe2 Qd8 48. Qe6+ Kh8 49. Ka4 Qd1+ 50. Ka3 Qd8 51. Re4 Qa5+ 52. Kb2 Rb8+ 53.
Rb3 Qd2+ 54. Ka3 Rf8 55. Qe7 Qc1+ 56. Ka4 Qc6+ 57. Ka5 Rc8 58. Rd4 Qc2 59. Qxf6+
Kg8 60. Rd8+ Rxd8 61. Qxd8+ Kg7 62. Rb7+ Kh6 63. Qh4# {Black checkmated} 1-0 
aics%

[Event "Team 45 45 League T31"]
[Site "Internet Chess Club"]
[Date "2006.07.07"]
[Round "2"]
[White "NotSoGreat"]
[Black "searchforbobby1"]
[Result "1/2-1/2"]
[WhiteElo "2300"]
[BlackElo "2152"]
[TimeControl "2700+45"]

1. e4 c5 2. Nc3 Nc6 3. f4 e6 4. Nf3 d5 5. Bb5 Ne7 6. exd5 exd5 7. Qe2 Qd6 8.
Bxc6+ bxc6 9. d3 Qe6 10. b3 Qxe2+ 11. Kxe2 Bg4 12. h3 Bxf3+ 13. Kxf3 Nf5 14.
Re1+ Kd7 15. Ne2 Nd4+ 16. Nxd4 cxd4 17. Bb2 Bc5 18. a3 Rhe8 19. b4 Bb6 20. c4
dxc3 21. Bxc3 g6 22. g4 Rxe1 23. Rxe1 Re8 24. Rxe8 Kxe8 25. f5 Bc7 26. Bd4 a6
27. Be3 Be5 28. d4 Bg7 29. Kf4 Bh6+ 30. g5 Bg7 31. h4 Kd7 32. Kg4 Ke8 33. h5 Kd7
34. f6 Bf8 35. Bf4 Kc8 36. h6 Kb7 37. Bd2 Bd6 {Game drawn by mutual agreement}
1/2-1/2  aics%

[Event "Team 45 45 League T31"]
[Site "Internet Chess Club"]
[Date "2006.07.01"]
[Round "2"]
[White "Burning-Bush"]
[Black "billarvola"]
[Result "1-0"]
[WhiteElo "2090"]
[BlackElo "1990"]
[TimeControl "2700+45"]

1. d4 d5 2. c4 c6 3. Nf3 Nf6 4. Nc3 e6 5. e3 Nbd7 6. a3 Bd6 7. b4 O-O 8. Bd3
dxc4 9. Bxc4 e5 10. dxe5 Nxe5 11. Be2 Nxf3+ 12. Bxf3 Be5 13. Bb2 Qxd1+ 14. Rxd1
Be6 15. O-O Rad8 16. b5 cxb5 17. Bxb7 Bb3 18. Rb1 Bc4 19. Rfd1 Nd7 20. Bf3 a6
21. Ne4 Bxb2 22. Rxb2 Ne5 23. Rbd2 Rxd2 24. Rxd2 Nxf3+ 25. gxf3 h6 26. Nc5 a5
27. Rd4 Rc8 28. Nb7 a4 29. Nd6 Rc6 30. Kg2 g6 31. f4 Kf8 32. e4 Ke7 33. e5 Rc5
34. f3 Ke6 35. Kf2 g5 36. Ke3 gxf4+ 37. Kxf4 Rd5 38. Re4 Rd3 39. Nxc4 bxc4 40.
Rxc4 Rxa3 41. Rc6+ Ke7 42. Rxh6 Ra1 43. Ra6 a3 44. Kf5 a2 45. Ra7+ Ke8 46. f4
Kd8 47. h4 Rh1 48. Rxa2 Rxh4 49. Kg5 Rh1 50. Ra7 Ke8 51. f5 Rg1+ 52. Kf6 Rf1 53.
Re7+ {Black resigns} 1-0  aics%

[Event "Team 45 45 League T31"]
[Site "Internet Chess Club"]
[Date "2006.07.01"]
[Round "2"]
[White "kabindra"]
[Black "nightly"]
[Result "1-0"]
[WhiteElo "1898"]
[BlackElo "1913"]
[TimeControl "2700+45"]

1. e4 c5 2. Nf3 g6 3. d4 cxd4 4. Nxd4 Nc6 5. Nc3 Bg7 6. Be3 Nf6 7. Bc4 O-O 8.
Bb3 a5 9. f3 d5 10. Nxc6 bxc6 11. e5 Nd7 12. f4 e6 13. a3 c5 14. Bf2 Rb8 15. Rb1
Ba6 16. Ne2 Qc7 17. O-O Rfc8 18. Re1 Bf8 19. c3 Rb7 20. Bc2 Bxe2 21. Qxe2 c4 22.
Kh1 Rcb8 23. Bd1 Bxa3 24. Ba4 Rxb2 25. Rxb2 Rxb2 26. Qf3 Nc5 27. Bxc5 Bxc5 28.
Rf1 Qb6 29. f5 gxf5 30. Qh5 Bf8 31. Be8 Qb7 32. Qg5+ Bg7 33. Qd8 Bxe5 34. Bc6+
{Black resigns} 1-0  aics%